Elenmirie, chaotic female orcish Priestess ------------ -------------- |.<........| --------- ##.............| ##...........-###### |....i..| # |.(..........| % |..........| # |.......| ### --------.----- ### --------.--- ### |.......| # # # # |q......| # # # #####.o......| # ### # #) --- ----- ------# # # ### |....-# ### # |....| # # |>.{..######### ### # |....| # # |....| ### # ------ # # ---------.-### ||........|## |..........## ----------- Elenmirie the Adept Experience level: 9 Strength: 16 Dexterity: 15 Constitution: 18 Intelligence: 9 Wisdom: 16 Charisma: 12 Health: 0(111) Energy: 89(89) Def: 14 Gold: 0 Moves: 18905 Dungeon seed: 5t-wvK51bolFMrkn Game ID: Elenmirie_1655111672 Your Inventory: Amulets A - an uncursed amulet of ESP S - an uncursed amulet of reflection (being worn) Weapons a - a blessed +1 mace (weapon in hand) y - 14 uncursed +0 daggers (in quiver) U - the uncursed rustproof +0 Grimtooth Armor e - an uncursed very rotted +0 robe (being worn) q - a blessed +0 pair of iron shoes (being worn) R - a blessed +0 studded leather armor (being worn) Y - an uncursed +0 dwarvish iron helm (being worn) Comestibles d - an uncursed sprig of wolfsbane f - an uncursed clove of garlic L - an uncursed male lizard corpse named Lizard of Yendor Rings c - an uncursed ring of conflict g - an uncursed ring of regeneration l - a blessed +2 ring of carrying s - an uncursed +2 ring of gain constitution (on left hand) B - an uncursed ring of regeneration H - an uncursed ring of invisibility Wands r - an uncursed wand of cold (0:4) t - an uncursed wand of teleportation (0:6) D - an uncursed wand of locking (0:2) E - an uncursed wand of digging (0:2) G - an uncursed wand of secret door detection (0:11) O - an uncursed wand of striking (0:3) Tools h - an uncursed oil lamp (0:1493) p - an uncursed magic whistle u - an uncursed +0 unicorn horn w - an uncursed sack x - an uncursed towel J - an uncursed lock pick W - an uncursed +0 unicorn horn Contents of the sack: 997 gold pieces 2 blessed scrolls of blank paper 2 uncursed scrolls of blank paper an uncursed scroll of identify an uncursed scroll of remove curse 2 uncursed scrolls of teleportation an uncursed potion of full healing an uncursed potion of gain energy 2 potions of holy water an uncursed potion of speed Spells and supernatural/magical abilities: Name Level Category Cost Memory a - force bolt 1 attack 12pw 80% k - knock 1 matter 12pw 86% l - light 1 divination 12pw 69% p - protection 1 clerical 8pw 69% z - sleep 1 enchantment 12pw 99% W - pray for help -- divine ? -- X - turn undead -- divine ? -- Your skills at the end: Fighting Skills wands [Basic] Weapon Skills dagger [Basic] mace [Skilled] Spellcasting Skills clerical spells [Basic] Final Attributes: You were piously aligned. You were cold resistant. You were immune to poison. You were telepathic. You had infravision. You were protected. You had reflection. You were very lucky. You last prayed 222 turns ago. Offler was very exalted with you. You are dead. Vanquished creatures: 2 giant mimics a large mimic a xan an ettin mummy a freezing sphere a flaming sphere a large cat 2 crocodiles 6 giant beetles 5 quivering blobs a cockatrice 3 wolves a winter wolf cub a lynx 50 leprechauns an iron piercer 4 giant spiders 2 ogres 3 brown puddings a gold golem a Green-elf 3 lizards 3 dogs 4 dingos a housecat 2 jaguars 2 dwarf lords a blue jelly 2 white unicorns 2 dust vortices 2 ravens a plains centaur 2 gnome mummies 4 snakes an ape 5 human zombies 4 rope golems a Woodland-elf 3 soldier ants 4 fire ants 2 water nymphs 6 mountain nymphs 4 Mordor orcs an orc shaman 2 rock piercers a rock mole a pony 2 yellow lights a shrieker a violet fungus 5 gnome lords 3 gnomish wizards 2 kobold mummies a black naga hatchling 2 guardian naga hatchlings 2 gray oozes a barrow wight 4 elf zombies a straw golem 3 paper golems 11 giant ants 3 little dogs 5 floating eyes 7 kittens 12 dwarves 2 homunculi 4 kobold lords a kobold shaman 11 hill orcs 5 rothes 2 rabid rats a centipede 4 giant bats 9 monkeys 6 orc zombies 2 dwarf zombies a wererat 10 iguanas 9 killer bees 2 coyotes 2 gas spores 4 hobbits 17 manes 4 large kobolds 7 giant rats 8 cave spiders 3 brown molds 2 yellow molds a green mold 27 gnomes 5 garter snakes a gnome zombie 7 geckos 7 jackals 6 foxes a kobold a goblin a sewer rat 10 grid bugs 2 bats 10 lichens 3 kobold zombies 10 newts 427 creatures vanquished. Voluntary challenges: You used a wielded weapon 915 times, starting on turn 59. You read items or engraved 9 times, starting on turn 5878. You never genocided any monsters. You never polymorphed an object. You never changed form. You used no wishes. You split 2 puddings, starting on turn 12600. You never wrote Elbereth's name. You never violated your personal moral code. Dungeon overview: The Dungeons of Doom: levels 1 to 12 Level 1 a fountain, a vault a long staircase Level 2 a potion shop, a fountain, a vault Level 3 a fountain stairs to The Gnomish Mines Level 4 an altar to Offler, a fountain Level 5 a fountain Level 6 a fountain, a vault Level 7 many fountains Level 8 a hardware shop stairs to Sokoban Level 9 a fountain Level 10 a fountain Level 11 Level 12 <- You were here a fountain The Gnomish Mines: levels 4 to 7 Level 4 stairs to The Dungeons of Doom Level 5 Level 6 some shops, a temple to The Lady, some fountains, a sink Level 7 Sokoban: levels 4 to 7 Level 4 Solved Level 5 Solved Level 6 Solved Level 7 Solved stairs to The Dungeons of Doom History has recorded: On T:1 you entered the Dungeons of Doom to retrieve the Amulet of Yendor! On T:236 you reached level 2 of The Dungeons of Doom. On T:629 you reached level 3 of The Dungeons of Doom. On T:793 you advanced to experience level 2. On T:953 you reached level 4 of The Dungeons of Doom. On T:1353 you reached level 5 of The Dungeons of Doom. On T:1370 you advanced to experience level 3. On T:1753 you advanced to experience level 4. On T:1947 you reached level 1 of The Gnomish Mines. On T:2077 you advanced to experience level 5. On T:2273 you reached level 2 of The Gnomish Mines. On T:2597 you reached level 3 of The Gnomish Mines. On T:3302 you reached level 6 of The Dungeons of Doom. On T:3425 you advanced to experience level 6. On T:4054 you advanced to experience level 7. On T:4890 you reached level 7 of The Dungeons of Doom. On T:5825 you advanced to experience level 8. On T:6461 you reached level 8 of The Dungeons of Doom. On T:6632 you reached level 9 of The Dungeons of Doom. On T:6687 you reached level 10 of The Dungeons of Doom. On T:7079 you reached level 4 of Sokoban. On T:7491 you reached level 3 of Sokoban. On T:8357 you reached level 2 of Sokoban. On T:8772 you reached level 1 of Sokoban. On T:12607 you advanced to experience level 9. On T:13249 you received Grimtooth from Offler. On T:16759 you reached level 4 of The Gnomish Mines. On T:18634 you reached level 11 of The Dungeons of Doom. On T:18685 you reached level 12 of The Dungeons of Doom. Score breakdown: Gold: 997 (10202 points) Experience: 9 levels (15756 points) Exploration: 12 levels ( 24.00%) (14214 points) Discoveries: 39 items ( 13.45%) (11001 points) Valuables value: (no points given unless you survive) Artifact value: 300 ( 8431 points) Variety of kills: 103 monsters ( 27.11%) (15618 points) Turncount: 18905 turns (-3319 points) Survival: died (score multiplied by 80%) Total score: 57522 Latest messages: The barrow wight casts a spell! The sleep ray hits you! But the sleep ray reflects from your amulet! The sleep ray hits the barrow wight! The barrow wight doesn't feel sleepy. You hit the barrow wight! The barrow wight swings his long sword at you. The barrow wight misses. (2x) You destroy the barrow wight! There are a few objects here. r - an uncursed steel wand. The mumak butts! The mumak misses. (2x) The mumak bites! You destroy the manes! You faint from lack of food. The mumak butts! The mumak bites! The mumak misses. The mumak bites! You die... Final status: Goodbye Elenmirie the Priestess, killed by a mumak, while fainted from lack of food... You died in The Dungeons of Doom on dungeon level 12 with 57522 points, and 997 pieces of gold, after 18905 moves. You were level 9 with a maximum of 111 hit points when you died.